 Dungeon Crawl Stone Soup version 0.26-a0-30-g56b8cd3df0 (webtiles) character file.

Game seed: 1435435316466582467, levelgen mode: deterministic

98 Lanoc the Ruffian (level 4, 0/26 HPs)
             Began as a Gargoyle Transmuter on May 30, 2020.
             Was a Follower of Cheibriados.
             Slain by Robin
             ... wielding a +0 trident
              (2 damage)
             ... on level 2 of the Dungeon.
             The game lasted 00:02:57 (2397 turns).

Lanoc the Ruffian (Gargoyle Transmuter)             Turns: 2397, Time: 00:02:57

Health: 0/26       AC:  5    Str: 16    XL:     4   Next: 69%
Magic:  7/7        EV: 12    Int: 18    God:    Cheibriados [*.....]
Gold:   131        SH:  0    Dex: 13    Spells: 4/7 levels left

rFire    . . .     SeeInvis .     - Unarmed
rCold    . . .     Gourm    .   (no shield)
rNeg     + . .     Faith    .   b - +0 robe
rPois    ∞         Spirit   .   (no helmet)
rElec    +         Reflect  .   (no cloak)
rCorr    .         Harm     .   (no gloves)
MR       .....                  (no boots)
Stlth    +.........             (no amulet)
HPRegen  0.08/turn              (no ring)
MPRegen  0.10/turn              (no ring)

@: stab, very slow
A: negative energy resistance 1, electricity resistance, unbreathing,
petrification resistance, rot immunity, AC +3
a: Bend Time, Renounce Religion


You were on level 2 of the Dungeon.
You worshipped Cheibriados.
Cheibriados was aware of your devotion.
You were not hungry.

You visited 1 branch of the dungeon, and saw 2 of its levels.

You collected 131 gold pieces.

Inventory:

Missiles
 a - 34 arrows
Armour
 b - a +0 robe (worn)
Scrolls
 c - 3 scrolls of immolation {unknown}
 e - a scroll of fog {unknown}
 f - a scroll of identify {unknown}
 g - a scroll of amnesia {unknown}
 h - a scroll of teleportation {unknown}
 k - a scroll of remove curse {unknown}
Comestibles
 d - 2 rations


   Skills:
 + Level 2.2 Fighting
 + Level 2.2 Dodging
 * Level 4.1 Unarmed Combat
 - Level 2.0 Spellcasting
 + Level 2.2 Transmutations


You had 4 spell levels left.
You knew the following spells:

 Your Spells              Type           Power        Failure   Level  Hunger
a - Beastly Appendage     Tmut           #.....       8%          1    #......
b - Sticks to Snakes      Tmut           #.......     11%         2    ###....

Your spell library contained the following spells:

 Spells                   Type           Power        Failure   Level  Hunger
 Spider Form              Tmut/Pois      #.........   34%         3    ###....
 Ice Form                 Ice/Tmut       #.......     75%         4    #####..
 Blade Hands              Tmut           #.........   90%         5    ######.


Dungeon Overview and Level Annotations

Branches:
Dungeon (2/15)

Altars:
Cheibriados
Sif Muna
Xom

Annotations:
D:2 Robin


Innate Abilities, Weirdness & Mutations

You are resistant to torment.
Your stone body is resilient. (AC +3)
You are immune to poison.
You resist negative energy. (rN+)
You are resistant to electric shocks. (rElec)
You can survive without breathing.
You are immune to petrification.
You are immune to rotting.


Message History

The hobgoblin hits you.
* * * LOW HITPOINT WARNING * * *
The hobgoblin misses you.
You see here a cursed -1 club.
Robin's horned helmet rattles.
Your transformation is almost over.
The hobgoblin hits you but does no damage.
The hobgoblin misses you.
Robin flexes a bicep menacingly.
The hobgoblin no longer looks unusually strong.
The hobgoblin barely misses you.
Your talons disappear.
The hobgoblin barely misses you.
Robin roars a battlecry!
The hobgoblin goes into a battle-frenzy!
The hobgoblin closely misses you. The hobgoblin hits you.
* * * LOW HITPOINT WARNING * * *
Robin hits you from afar with a +0 trident.
You die...

#.##.######.#..........#.# #....#
#.##......(.#.######.#.#.# ##.###
#.##..#######.# #...#.# #....
#.##..# #.#######..#.# ####.
#.##..#######.#....(...#.# #....
#÷##..........#.######.#.# ##.#.
..##.............###.....#####.#.
#................................
#...............@###.##..#####.#.
####............g# #.###.#####.##
#...........g.# #...........#
#####.#.####.## #####..####.#
#.#.#....# ##.# #.# #.#.#.####
#.####.## #.#.#.# #.#...... #g#
#.#...... #.# #######.#......


You could see Robin and a hobgoblin (strong).

Vanquished Creatures
  Jessica (D:2)
  2 adders (D:2)
  2 oozes
  A dart slug (D:1)
  A leopard gecko (D:1)
  A ball python (D:1)
  A giant cockroach (D:1)
  7 goblins
  6 hobgoblins
  A quokka (D:2)
  7 bats
  3 frilled lizards
  4 kobolds (D:1)
  6 rats
43 creatures vanquished.

Notes
Turn   | Place    | Note
-------+----------+-------------------------------------------
     0 | D:1      | Lanoc the Gargoyle Transmuter began the quest for the Orb.
     0 | D:1      | Reached XP level 1. HP: 12/12 MP: 3/3
   306 | D:1      | Reached XP level 2. HP: 12/16 MP: 3/5
   610 | D:1      | Learned a level 2 spell: Sticks to Snakes
   765 | D:1      | Reached XP level 3. HP: 20/20 MP: 4/6
   794 | D:1      | Found a shimmering altar of Xom.
  1665 | D:2      | Found a shimmering blue altar of Sif Muna.
  1753 | D:2      | Found a faded altar of an unknown god.
  1789 | D:2      | Became a worshipper of Cheibriados the Contemplative
  1789 | D:2      | Reached * piety under Cheibriados
  1828 | D:2      | Reached XP level 4. HP: 24/26 MP: 5/7
  1896 | D:2      | Noticed Jessica
  1907 | D:2      | Killed Jessica
  1907 | D:2      | Reached skill level 4 in Unarmed Combat
  2344 | D:2      | Noticed Robin
  2396 | D:2      | HP: 1/26 [hobgoblin[Robin] (5)]
  2397 | D:2      | Slain by Robin

Illustrated notes

Levels and vault maps discovered:
D:1:      lightli_molten_gateway, layout_basic, chequers_serial_rivers_small_3,
          xom_teletrap_fun
D:2:      layout_basic, lemuel_blue_sif_altar, chequers_ecumenical_altar_twisty,
          uniq_robin, uniq_jessica

Skill      XL: |  1  2  3  4 |
---------------+-------------+-----
Dodging        | 2 |  2.2
Transmutations | 2 |  2.2
Fighting       | 2 |  2.2
Unarmed Combat | 4 |  4.1
Spellcasting   | |  2.0

Action                   |  1- 3 |  4- 6 || total
-------------------------+-------+-------++-------
Melee: Unarmed           |   113 |    23 ||   136
       Kick              |    11 |       ||    11
       Headbutt          |     4 |     1 ||     5
       Punch             |     1 |     1 ||     2
 Cast: Beastly Appendage |    22 |     4 ||    26
  Use: Potion            |       |     2 ||     2
  Eat: Chunk             |     3 |     1 ||     4
Armor: Robe              |    35 |    13 ||    48
Dodge: Dodged            |    75 |    21 ||    96

Table legend:
 A = Non-vault XP
 B = Vault XP
 C = Vault XP percentage of total XP
 D = Non-vault monster count
 E = Vault monster count
 F = Vault count percentage of total count
                 A         B        C        D         E       F
            +---------+---------+-------+---------+---------+-------
      Total |      94 |      46 |  32.9 |      37 |       6 |  14.0
            +---------+---------+-------+---------+---------+-------
        D:1 |      51 |       0 |   0.0 |      27 |       0 |   0.0
        D:2 |      43 |      46 |  51.7 |      10 |       6 |  37.5
            +---------+---------+-------+---------+---------+-------
